Saguenéens vs Inferno
Created - 22 janvier 2014 at 23:12
Goals
|
| Saguenéens |
1 |
2 |
3 |
6 |
| Inferno |
1 |
1 |
2 |
4 |
|
Shots
|
| Saguenéens |
13 |
15 |
8 |
36 |
| Inferno |
9 |
9 |
22 |
40 |
|
1st period
1. Inferno , Brian Boyle 16 (Mark Mitera, Yannick Weber) at 11:16
2. Saguenéens , Dwight King 17 (Kris Russell) at 14:40
Penalties :
Jonathan Ferland (Anc) for Hooking (Minor) at 2:43, Brendan Smith (Anc) for Holding Stick (Minor) at 17:22
2nd period
3. Inferno , Jonathan Ferland 31 (Mikhail Grabovski, Brad Marchand) at 0:55
4. Saguenéens , Wayne Simmonds 14 (Tyler Kennedy, Evgeny Dadonov) at 17:17
5. Saguenéens , Kris Russell 1 (Wayne Simmonds, Jeffrey Foss) at 19:11
Penalties :
Jeffrey Foss (Chi) for Hooking (Minor) at 5:20
3rd period
6. Saguenéens , Kyle Brodziak 20 (Brandon Yip) at 7:05
7. Saguenéens , Dwight King 18 (Kyle Brodziak, Brandon Yip) at 7:57 (PP)
8. Saguenéens , Tyler Kennedy 14 (Wayne Simmonds, Trevor Daley) at 11:08
9. Inferno , Mikhail Grabovski 32 (Jonathan Ferland, Derek Meech) at 11:49
10. Inferno , Brendan Smith 4 (Vladimir Zharkov, Vladimir Sobotka) at 18:45
Penalties :
Brad Marchand (Anc) for Hooking (Minor) at 0:15, Jonathan Ferland (Anc) for High sticking (Minor) at 7:17
Goalie Stats
James Reimer (Chi), 36 saves from 40 shots - (0,900), W, 14-9-4, 60:00 minutes
Jonathan Boutin (Anc), 30 saves from 36 shots - (0,833), L, 6-5-0, 60:00 minutes
Players Stats for Saguenéens
Player Name G A P +/- PIM S H SB GA TA FO MP PP MP PK MP
------------------------------------------------------------------------------------
Brandon Yip 0 2 2 2 0 3 1 0 1 0 0/1 17:15 3:12 0:53
Brian Flynn 0 0 0 -1 0 1 2 0 0 0 2/5 11:11 0:44 0:00
David Laliberté 0 0 0 -1 0 3 2 0 0 0 0/0 10:32 0:38 0:00
Dwight King 2 0 2 2 0 3 1 0 0 1 1/1 16:35 3:12 0:18
Evgeny Dadonov 0 1 1 2 0 5 2 0 1 0 0/1 21:44 2:44 0:00
Henrik Tallinder 0 0 0 -1 0 1 2 4 0 2 0/0 22:02 3:02 1:04
Ian Cole 0 0 0 -1 0 0 2 0 0 0 0/0 20:55 3:02 0:00
James Sheppard 0 0 0 -2 0 1 0 0 0 0 0/0 9:26 0:32 0:00
Jarkko Ruutu 0 0 0 -1 0 3 1 0 1 0 0/0 11:36 0:18 0:48
Jeffrey Foss 0 1 1 3 2 0 1 1 0 0 0/0 12:56 0:00 0:00
John McCarthy 0 0 0 -2 0 0 0 0 0 0 0/0 8:54 0:00 0:00
Justin Schultz 0 0 0 -1 0 0 1 1 0 0 0/0 25:24 3:35 0:55
Kris Russell 1 1 2 3 0 2 0 2 0 1 0/0 13:41 0:00 1:04
Kyle Brodziak 1 1 2 2 0 3 3 0 1 1 8/19 16:47 3:12 0:53
Trevor Daley 0 1 1 -1 0 2 2 1 2 1 0/0 25:24 3:35 0:55
Tyler Kennedy 1 1 2 2 0 4 1 1 0 1 18/32 22:24 2:38 0:48
Wayne Primeau 0 0 0 -2 0 2 2 0 0 0 0/1 8:54 0:00 0:00
Wayne Simmonds 1 2 3 2 0 3 1 0 0 1 0/1 22:20 2:41 0:18
Players Stats for Inferno
Player Name G A P +/- PIM S H SB GA TA FO MP PP MP PK MP
------------------------------------------------------------------------------------
Alex Berry 0 0 0 0 0 1 2 1 0 0 0/0 12:51 0:07 0:00
Andrej Meszaros 0 0 0 -1 0 8 3 2 1 1 0/0 27:52 1:12 4:18
Brad Marchand 0 1 1 1 2 3 2 0 1 0 0/1 19:37 1:00 1:37
Brendan Mikkelson 0 0 0 0 0 1 0 2 0 2 0/0 19:58 0:47 2:33
Brendan Smith 1 0 1 0 2 2 0 2 1 1 0/0 22:20 0:47 1:36
Brian Boyle 1 0 1 0 0 5 1 0 0 0 4/12 15:07 0:04 3:25
Colin Wilson 0 0 0 -2 0 3 0 0 0 0 10/14 14:27 0:33 0:00
Derek Meech 0 1 1 -1 0 2 1 1 1 2 0/0 27:24 1:12 4:15
Jonathan Ferland 1 1 2 1 4 2 0 1 0 0 0/0 20:11 1:00 2:15
Jozef Balej 0 0 0 -2 0 6 2 0 1 0 1/1 14:36 0:22 0:00
Lauri Korpikoski 0 0 0 0 0 0 0 0 0 0 0/0 9:01 0:26 0:15
Mark Mitera 0 1 1 0 0 1 0 0 1 0 0/0 8:03 0:00 0:32
Matt Kassian 0 0 0 0 0 0 1 0 0 0 0/0 11:32 0:00 0:00
Mikhail Grabovski 1 1 2 1 0 3 2 1 0 0 11/25 20:27 1:00 2:09
Pierre-Luc Létourneau 0 0 0 -2 0 1 1 0 2 0 3/3 16:58 0:33 1:51
Vladimir Sobotka 0 1 1 0 0 2 0 0 0 0 3/5 9:56 0:00 1:42
Vladimir Zharkov 0 1 1 0 0 0 1 0 0 0 0/0 9:06 0:52 0:00
Yannick Weber 0 1 1 0 0 0 1 0 0 0 0/0 13:53 0:00 0:00
3 Stars
1 - Dwight King (Chi)
2 - Wayne Simmonds (Chi)
3 - Kyle Brodziak (Chi)
Power Play
Saguenéens - 1 on 4 Attempt(s) - 25,00%
Inferno - 0 on 1 Attempt(s) - 0,00%
Penalty Kill
Saguenéens - 1 on 1 Attempt(s) - 100,00%
- Score 0 goal in Penalty Kill
Inferno - 3 on 4 Attempt(s) - 75,00%
- Score 0 goal in Penalty Kill
Official
Referees : Banfield David and Hebert Ghislain
Linesman : Jonny Murray and Brad Kovachik
Game Notes
Mark Mitera is injured at 12:08 of 2nd period (Sore Right Knee)
11:49 of 3rd period - Inferno goal is going for a video replay. After video review, Goal.
Finance
Level 1 -- Attendance: 1664 (83,20%) -- Ticket Income 58 240 $
Level 2 -- Attendance: 704 (70,40%) -- Ticket Income 10 560 $
Total Attendance: 2368 (78,93%)
Total Ticket Income: 68 800 $
Other Income: 3 440 $
Total Income: 72 240 $
Saguenéens
5 vs 5 Forward
Center Left Wing Right Wing Time % Phy DF OF
1 Tyler Kennedy Evgeny Dadonov Wayne Simmonds 40 2 1 2
2 Kyle Brodziak Dwight King Brandon Yip 30 1 1 3
3 Brian Flynn Jarkko Ruutu David Laliberté 16 1 2 2
4 Wayne Primeau James Sheppard John McCarthy 14 1 2 2
5 vs 5 Defense
Defense Defense Time % Phy DF OF
1 Justin Schultz Trevor Daley 34 1 2 2
2 Ian Cole Henrik Tallinder 34 1 2 2
3 Jeffrey Foss Kris Russell 22 1 2 2
4 Justin Schultz Trevor Daley 10 0 2 3
PowerPlay Forward
Center Left Wing Right Wing Time % Phy DF OF
1 Tyler Kennedy Evgeny Dadonov Wayne Simmonds 60 0 1 4
2 Kyle Brodziak Dwight King Brandon Yip 40 0 1 4
PowerPlay Defense
Defense Defense Time % Phy DF OF
1 Justin Schultz Trevor Daley 60 0 2 3
2 Ian Cole Henrik Tallinder 40 0 2 3
Penalty Kill 4 Players Forward
Center Wing Time % Phy DF OF
1 Tyler Kennedy Jarkko Ruutu 50 1 3 1
2 Kyle Brodziak Brandon Yip 50 1 3 1
Penalty Kill 4 Players Defense
Defense Defense Time % Phy DF OF
1 Justin Schultz Trevor Daley 50 1 3 1
2 Kris Russell Henrik Tallinder 50 1 3 1
Penalty Kill - 3 Players Forward
Forward Time % Phy DF OF
1 Jarkko Ruutu 50 1 3 1
2 Tyler Kennedy 50 1 3 1
Penalty Kill - 3 Players Defense
Defense Defense Time % Phy DF OF
1 Justin Schultz Trevor Daley 50 1 3 1
2 Kris Russell Henrik Tallinder 50 1 3 1
4 vs 4 Forward
Center Wing Time % Phy DF OF
1 Kyle Brodziak Brandon Yip 50 1 1 3
2 Tyler Kennedy Evgeny Dadonov 50 1 2 2
4 vs 4 Defense
Defense Defense Time % Phy DF OF
1 Justin Schultz Trevor Daley 50 1 2 2
2 Ian Cole Henrik Tallinder 50 1 2 2
Last Minutes Offensive
Center Left Wing Right Wing Defense Defense
Tyler Kennedy Evgeny Dadonov Brandon Yip Henrik Tallinder Trevor Daley
Last Minutes Defensive
Center Left Wing Right Wing Defense Defense
Tyler Kennedy Evgeny Dadonov Wayne Simmonds Trevor Daley Kris Russell
Goaltenders
Starting : James Reimer
Backup : Harru Sateri
Extra Forwards
Normal : Jarkko Ruutu, Brian Flynn, Evgeny Dadonov - PP : James Sheppard, Brian Flynn - PK : Wayne Simmonds
Extra Defensemen
Normal : Kris Russell, Jeffrey Foss, Trevor Daley - PP : Kris Russell - PK : Jeffrey Foss, Ian Cole
Penalty Shots
Brandon Yip, Tyler Kennedy, Evgeny Dadonov, Jarkko Ruutu, Wayne Simmonds
Inferno
5 vs 5 Forward
Center Left Wing Right Wing Time % Phy DF OF
1 Mikhail Grabovski Brad Marchand Jonathan Ferland 40 1 2 2
2 Colin Wilson Pierre-Luc Létourneau Jozef Balej 30 1 2 2
3 Brian Boyle Matt Kassian Alex Berry 20 1 2 2
4 Vladimir Sobotka Lauri Korpikoski Vladimir Zharkov 10 1 2 2
5 vs 5 Defense
Defense Defense Time % Phy DF OF
1 Derek Meech Andrej Meszaros 40 1 2 2
2 Brendan Smith Brendan Mikkelson 30 1 2 2
3 Mark Mitera Yannick Weber 20 1 2 2
4 Derek Meech Andrej Meszaros 10 1 2 2
PowerPlay Forward
Center Left Wing Right Wing Time % Phy DF OF
1 Mikhail Grabovski Brad Marchand Jonathan Ferland 60 1 2 2
2 Colin Wilson Pierre-Luc Létourneau Vladimir Zharkov 40 1 2 2
PowerPlay Defense
Defense Defense Time % Phy DF OF
1 Derek Meech Andrej Meszaros 60 1 2 2
2 Brendan Smith Brendan Mikkelson 40 1 2 2
Penalty Kill 4 Players Forward
Center Wing Time % Phy DF OF
1 Brian Boyle Jonathan Ferland 60 1 3 1
2 Mikhail Grabovski Pierre-Luc Létourneau 40 1 3 1
Penalty Kill 4 Players Defense
Defense Defense Time % Phy DF OF
1 Derek Meech Andrej Meszaros 60 1 3 1
2 Brendan Smith Brendan Mikkelson 40 1 3 1
Penalty Kill - 3 Players Forward
Forward Time % Phy DF OF
1 Brian Boyle 60 1 4 0
2 Mikhail Grabovski 40 1 4 0
Penalty Kill - 3 Players Defense
Defense Defense Time % Phy DF OF
1 Derek Meech Andrej Meszaros 60 1 4 0
2 Brendan Smith Brendan Mikkelson 40 1 4 0
4 vs 4 Forward
Center Wing Time % Phy DF OF
1 Mikhail Grabovski Brad Marchand 60 1 2 2
2 Colin Wilson Jonathan Ferland 40 1 2 2
4 vs 4 Defense
Defense Defense Time % Phy DF OF
1 Derek Meech Andrej Meszaros 60 1 2 2
2 Brendan Smith Brendan Mikkelson 40 1 2 2
Last Minutes Offensive
Center Left Wing Right Wing Defense Defense
Mikhail Grabovski Brad Marchand Jonathan Ferland Derek Meech Andrej Meszaros
Last Minutes Defensive
Center Left Wing Right Wing Defense Defense
Mikhail Grabovski Brad Marchand Jonathan Ferland Derek Meech Andrej Meszaros
Goaltenders
Starting : Jonathan Boutin
Backup : Josh Harding
Extra Forwards
Normal : Jonathan Ferland, Pierre-Luc Létourneau, Jozef Balej - PP : Jozef Balej, Pierre-Luc Létourneau - PK : Vladimir Sobotka
Extra Defensemen
Normal : Brendan Smith, Brendan Mikkelson, Mark Mitera - PP : Yannick Weber - PK : Brendan Smith, Brendan Mikkelson
Penalty Shots
Mikhail Grabovski, Colin Wilson, Jonathan Ferland, Brad Marchand, Vladimir Zharkov
% Time on Ice - Saguenéens
Lines # - Real PCT - Wanted PCT - Time Play
Normal Forward
1 - 38% - 40% - 19:31
2 - 25% - 30% - 13:05
3 - 19% - 16% - 9:54
4 - 17% - 14% - 8:54
Normal Defense
1 - 34% - 34% - 17:32
2 - 36% - 34% - 18:36
3 - 22% - 22% - 11:16
4 - 8% - 10% - 4:00
PP Forward
1 - 52% - 60% - 3:25
2 - 48% - 40% - 3:12
PP Defense
1 - 54% - 60% - 3:35
2 - 46% - 40% - 3:02
PK Forward
1 - 40% - 50% - 0:48
2 - 60% - 50% - 1:11
PK Defense
1 - 46% - 50% - 0:55
2 - 54% - 50% - 1:04
PK3 Forward
1 - 0% - 50%
2 - 0% - 50%
PK3 Defense
1 - 0% - 50%
2 - 0% - 50%
44 Forward
1 - 0% - 50%
2 - 0% - 50%
44 Defense
1 - 0% - 50%
2 - 0% - 50%
Last Minute Offensive - 0:00
Last Minute Defensive - 0:00
Total
Forward - 60:00
Defense - 60:00
|
% Time on Ice - Inferno
Lines # - Real PCT - Wanted PCT - Time Play
Normal Forward
1 - 34% - 40% - 17:24
2 - 28% - 30% - 14:14
3 - 22% - 20% - 11:32
4 - 16% - 10% - 8:14
Normal Defense
1 - 38% - 40% - 19:37
2 - 30% - 30% - 15:12
3 - 27% - 20% - 13:53
4 - 5% - 10% - 2:42
PP Forward
1 - 56% - 60% - 1:07
2 - 44% - 40% - 0:52
PP Defense
1 - 61% - 60% - 1:12
2 - 39% - 40% - 0:47
PK Forward
1 - 72% - 60% - 4:46
2 - 28% - 40% - 1:51
PK Defense
1 - 64% - 60% - 4:15
2 - 36% - 40% - 2:22
PK3 Forward
1 - 0% - 60%
2 - 0% - 40%
PK3 Defense
1 - 0% - 60%
2 - 0% - 40%
44 Forward
1 - 0% - 60%
2 - 0% - 40%
44 Defense
1 - 0% - 60%
2 - 0% - 40%
Last Minute Offensive - 0:00
Last Minute Defensive - 0:00
Total
Forward - 60:00
Defense - 60:00
|
Play by Play
1st period
0:01 of 1st period - Tyler Kennedy wins face-off versus Mikhail Grabovski in neutral zone.
0:04 of 1st period - Slapshot by Trevor Daley.
0:04 of 1st period - Stopped by Jonathan Boutin with a rebound.
0:12 of 1st period - Slapshot by Andrej Meszaros.
0:12 of 1st period - Deflect By Trevor Daley.
0:12 of 1st period - Stopped by James Reimer with a rebound.
1:26 of 1st period - Wrist shot by Evgeny Dadonov.
1:26 of 1st period - Stopped by Jonathan Boutin with a rebound.
1:28 of 1st period - Snap shot by Evgeny Dadonov.
1:28 of 1st period - Shot Misses the Net.
1:50 of 1st period - Snap shot by Tyler Kennedy.
1:50 of 1st period - Shot Blocked by Brendan Mikkelson.
2:08 of 1st period - Snap shot by Evgeny Dadonov.
2:08 of 1st period - Shot Misses the Net.
2:10 of 1st period - Slapshot by Trevor Daley.
2:10 of 1st period - Deflect By Evgeny Dadonov.
2:10 of 1st period - Shot Blocked by Brendan Mikkelson.
2:10 of 1st period - Puck is out of play.
2:11 of 1st period - Colin Wilson wins face-off versus Kyle Brodziak in Inferno zone.
2:24 of 1st period - Snap shot by Colin Wilson.
2:24 of 1st period - Shot Blocked by Henrik Tallinder.
2:26 of 1st period - Wrist shot by Colin Wilson.
2:26 of 1st period - Stopped by James Reimer without a rebound.
2:27 of 1st period - Brian Flynn wins face-off versus Mikhail Grabovski in Saguenéens zone.
2:43 of 1st period - Minor Penalty to Jonathan Ferland for Hooking.
2:44 of 1st period - Kyle Brodziak wins face-off versus Vladimir Sobotka in Inferno zone.
2:44 of 1st period - Slapshot by Henrik Tallinder.
2:44 of 1st period - Deflect By Kyle Brodziak.
2:44 of 1st period - Shot Misses the Net.
2:44 of 1st period - Puck is out of play.
2:45 of 1st period - Kyle Brodziak wins face-off versus Vladimir Sobotka in Inferno zone.
3:51 of 1st period - Henrik Tallinder is hit by Mikhail Grabovski.
4:29 of 1st period - Derek Meech is hit by Brian Flynn.
4:43 of 1st period - Penalty to Jonathan Ferland is over, Jonathan Ferland is back on ice.
4:54 of 1st period - Snap shot by Wayne Primeau.
4:54 of 1st period - Stopped by Jonathan Boutin with a rebound.
5:00 of 1st period - Snap shot by James Sheppard.
5:00 of 1st period - Shot Misses the Net.
5:17 of 1st period - Wrist shot by Vladimir Zharkov.
5:17 of 1st period - Shot Misses the Net.
5:55 of 1st period - Snap shot by Vladimir Sobotka.
5:55 of 1st period - Stopped by James Reimer with a rebound.
5:59 of 1st period - Wrist shot by Vladimir Sobotka.
5:59 of 1st period - Shot Misses the Net.
7:18 of 1st period - Wrist shot by Brian Boyle.
7:18 of 1st period - Shot Blocked by Kris Russell.
7:20 of 1st period - Snap shot by Brian Boyle.
7:20 of 1st period - Stopped by James Reimer without a rebound.
7:21 of 1st period - Brian Flynn wins face-off versus Brian Boyle in Saguenéens zone.
8:51 of 1st period - Snap shot by Mikhail Grabovski.
8:51 of 1st period - Stopped by James Reimer without a rebound.
8:52 of 1st period - Mikhail Grabovski wins face-off versus Tyler Kennedy in Saguenéens zone.
8:53 of 1st period - Slapshot by Jonathan Ferland.
8:53 of 1st period - Shot Misses the Net.
9:06 of 1st period - Off-side.
9:07 of 1st period - Colin Wilson wins face-off versus Kyle Brodziak in neutral zone.
9:39 of 1st period - Snap shot by Jonathan Ferland.
9:39 of 1st period - Shot Misses the Net.
9:41 of 1st period - Wrist shot by Jonathan Ferland.
9:41 of 1st period - Shot Misses the Net.
10:01 of 1st period - Wrist shot by David Laliberté.
10:01 of 1st period - Stopped by Jonathan Boutin without a rebound.
10:02 of 1st period - Kyle Brodziak wins face-off versus Mikhail Grabovski in Inferno zone.
10:13 of 1st period - Wrist shot by Kyle Brodziak.
10:13 of 1st period - Shot Blocked by Derek Meech.
10:15 of 1st period - Slapshot by Henrik Tallinder.
10:15 of 1st period - Stopped by Jonathan Boutin with a rebound.
11:10 of 1st period - Slapshot by Brian Boyle.
11:10 of 1st period - Stopped by James Reimer with a rebound.
11:12 of 1st period - Slapshot by Mark Mitera.
11:12 of 1st period - Stopped by James Reimer with a rebound.
11:14 of 1st period - Snap shot by Brian Boyle.
11:14 of 1st period - Shot Misses the Net.
11:16 of 1st period - Slapshot by Mark Mitera.
11:16 of 1st period - Deflect By Brian Boyle.
11:16 of 1st period - Goal by Brian Boyle - Saguenéens : 0 - Inferno : 1.
11:17 of 1st period - Kyle Brodziak wins face-off versus Mikhail Grabovski in neutral zone.
11:34 of 1st period - Henrik Tallinder is hit by Brad Marchand and loses puck.
11:47 of 1st period - Wrist shot by Jarkko Ruutu.
11:47 of 1st period - Shot Misses the Net.
11:51 of 1st period - Wrist shot by Jarkko Ruutu.
11:51 of 1st period - Shot Blocked by Jonathan Ferland.
11:53 of 1st period - Slapshot by Trevor Daley.
11:53 of 1st period - Stopped by Jonathan Boutin without a rebound.
11:54 of 1st period - Colin Wilson wins face-off versus Brian Flynn in Inferno zone.
12:09 of 1st period - Slapshot by Colin Wilson.
12:09 of 1st period - Shot Misses the Net.
12:21 of 1st period - David Laliberté is hit by Andrej Meszaros and loses puck.
12:28 of 1st period - Derek Meech is hit by Henrik Tallinder and loses puck.
12:43 of 1st period - Yannick Weber is hit by Kyle Brodziak and loses puck.
13:26 of 1st period - Wrist shot by Jozef Balej.
13:26 of 1st period - Stopped by James Reimer with a rebound.
13:32 of 1st period - Jozef Balej is hit by Wayne Primeau and loses puck.
13:51 of 1st period - Wrist shot by Brandon Yip.
13:51 of 1st period - Shot Misses the Net.
14:03 of 1st period - Wayne Simmonds is hit by Brian Boyle and loses puck.
14:40 of 1st period - Wrist shot by Dwight King.
14:40 of 1st period - Goal by Dwight King - Saguenéens : 1 - Inferno : 1.
14:41 of 1st period - Mikhail Grabovski wins face-off versus Kyle Brodziak in neutral zone.
14:44 of 1st period - Brandon Yip is hit by Brad Marchand and loses puck.
15:47 of 1st period - Lauri Korpikoski is hit by Ian Cole and loses puck.
15:56 of 1st period - Wrist shot by Jarkko Ruutu.
15:56 of 1st period - Stopped by Jonathan Boutin with a rebound.
16:21 of 1st period - Wrist shot by Kyle Brodziak.
16:21 of 1st period - Stopped by Jonathan Boutin without a rebound.
16:22 of 1st period - Tyler Kennedy wins face-off versus Colin Wilson in Inferno zone.
16:31 of 1st period - Slapshot by Evgeny Dadonov.
16:31 of 1st period - Stopped by Jonathan Boutin without a rebound.
16:32 of 1st period - Tyler Kennedy wins face-off versus Mikhail Grabovski in Inferno zone.
17:13 of 1st period - Snap shot by Evgeny Dadonov.
17:13 of 1st period - Stopped by Jonathan Boutin without a rebound.
17:14 of 1st period - Kyle Brodziak wins face-off versus Mikhail Grabovski in Inferno zone.
17:22 of 1st period - Minor Penalty to Brendan Smith for Holding Stick.
17:23 of 1st period - Tyler Kennedy wins face-off versus Brian Boyle in Inferno zone.
17:52 of 1st period - Icing by Kyle Brodziak.
17:53 of 1st period - Brian Boyle wins face-off versus Kyle Brodziak in Saguenéens zone.
19:22 of 1st period - Penalty to Brendan Smith is over, Brendan Smith is back on ice.
19:36 of 1st period - Snap shot by Wayne Primeau.
19:36 of 1st period - Stopped by Jonathan Boutin with a rebound.
19:38 of 1st period - Wrist shot by James Sheppard.
19:38 of 1st period - Stopped by Jonathan Boutin without a rebound.
19:39 of 1st period - Vladimir Sobotka wins face-off versus Brian Flynn in Inferno zone.
19:54 of 1st period - Wrist shot by Vladimir Zharkov.
19:54 of 1st period - Shot Misses the Net.
Goals for this period are 1 for Saguenéens vs 1 for Inferno.
Shots for this period are 13 for Saguenéens vs 9 for Inferno.
2nd period
0:01 of 2nd period - Mikhail Grabovski wins face-off versus Tyler Kennedy in neutral zone.
0:25 of 2nd period - Snap shot by Wayne Primeau.
0:25 of 2nd period - Shot Misses the Net.
0:37 of 2nd period - Wrist shot by Jonathan Ferland.
0:37 of 2nd period - Shot Blocked by Justin Schultz.
0:39 of 2nd period - Slapshot by Andrej Meszaros.
0:39 of 2nd period - Stopped by James Reimer with a rebound.
0:41 of 2nd period - Slapshot by Derek Meech.
0:41 of 2nd period - Shot Blocked by Trevor Daley.
0:53 of 2nd period - Snap shot by Jonathan Ferland.
0:53 of 2nd period - Deflect By Mikhail Grabovski.
0:53 of 2nd period - Stopped by James Reimer with a rebound.
0:55 of 2nd period - Snap shot by Jonathan Ferland.
0:55 of 2nd period - Goal by Jonathan Ferland - Saguenéens : 1 - Inferno : 2.
0:56 of 2nd period - Colin Wilson wins face-off versus Kyle Brodziak in neutral zone.
1:47 of 2nd period - Vladimir Sobotka is hit by Justin Schultz and loses puck.
2:17 of 2nd period - Icing by Andrej Meszaros.
2:18 of 2nd period - Mikhail Grabovski wins face-off versus Kyle Brodziak in Inferno zone.
2:18 of 2nd period - Mikhail Grabovski is hit by Henrik Tallinder.
2:32 of 2nd period - Wrist shot by Brad Marchand.
2:32 of 2nd period - Stopped by James Reimer without a rebound.
2:33 of 2nd period - Colin Wilson wins face-off versus Tyler Kennedy in Saguenéens zone.
3:12 of 2nd period - Brandon Yip is hit by Andrej Meszaros and loses puck.
3:58 of 2nd period - Snap shot by Brian Boyle.
3:58 of 2nd period - Stopped by James Reimer with a rebound.
4:11 of 2nd period - Off-side.
4:12 of 2nd period - Pierre-Luc Létourneau wins face-off versus Tyler Kennedy in neutral zone.
4:39 of 2nd period - Slapshot by Tyler Kennedy.
4:39 of 2nd period - Stopped by Jonathan Boutin with a rebound.
4:42 of 2nd period - Icing by Brendan Mikkelson.
4:43 of 2nd period - Colin Wilson wins face-off versus Brian Flynn in Inferno zone.
4:52 of 2nd period - Pierre-Luc Létourneau is hit by Brian Flynn and loses puck.
5:20 of 2nd period - Minor Penalty to Jeffrey Foss for Hooking.
5:21 of 2nd period - Mikhail Grabovski wins face-off versus Kyle Brodziak in Saguenéens zone.
5:39 of 2nd period - Brad Marchand is hit by Brandon Yip and loses puck.
7:19 of 2nd period - Henrik Tallinder is hit by Alex Berry and loses puck.
7:20 of 2nd period - Penalty to Jeffrey Foss is over, Jeffrey Foss is back on ice.
8:53 of 2nd period - Vladimir Zharkov is hit by Jarkko Ruutu and loses puck.
9:14 of 2nd period - Mark Mitera is hit by Evgeny Dadonov and loses puck.
10:18 of 2nd period - Vladimir Sobotka is hit by Jeffrey Foss and loses puck.
10:46 of 2nd period - Jonathan Ferland is hit by Kyle Brodziak and loses puck.
11:23 of 2nd period - Pierre-Luc Létourneau is hit by Trevor Daley and loses puck.
11:44 of 2nd period - Snap shot by Brian Flynn.
11:44 of 2nd period - Shot Misses the Net.
11:46 of 2nd period - Wrist shot by Brian Flynn.
11:46 of 2nd period - Shot Blocked by Alex Berry.
11:48 of 2nd period - Slapshot by Jarkko Ruutu.
11:48 of 2nd period - Stopped by Jonathan Boutin with a rebound.
12:00 of 2nd period - Icing by Brendan Smith.
12:01 of 2nd period - Brian Boyle wins face-off versus Tyler Kennedy in Inferno zone.
12:01 of 2nd period - Brian Boyle is hit by Tyler Kennedy.
12:07 of 2nd period - Mark Mitera is hit by Ian Cole and loses puck.
12:08 of 2nd period - Mark Mitera from Inferno is injured at 12:08 of 2nd period (Sore Right Knee).
12:09 of 2nd period - Tyler Kennedy wins face-off versus Mikhail Grabovski in Inferno zone.
12:12 of 2nd period - Wrist shot by Evgeny Dadonov.
12:12 of 2nd period - Stopped by Jonathan Boutin with a rebound.
12:45 of 2nd period - Snap shot by Jozef Balej.
12:45 of 2nd period - Shot Blocked by Jeffrey Foss.
13:06 of 2nd period - Off-side.
13:07 of 2nd period - Mikhail Grabovski wins face-off versus Tyler Kennedy in neutral zone.
13:34 of 2nd period - Snap shot by Brian Flynn.
13:34 of 2nd period - Shot Misses the Net.
13:36 of 2nd period - Slapshot by Jarkko Ruutu.
13:36 of 2nd period - Shot Misses the Net.
13:38 of 2nd period - Snap shot by Henrik Tallinder.
13:38 of 2nd period - Shot Blocked by Brendan Smith.
13:40 of 2nd period - Backhand shot by Brian Flynn.
13:40 of 2nd period - Stopped by Jonathan Boutin without a rebound.
13:41 of 2nd period - Colin Wilson wins face-off versus Tyler Kennedy in Inferno zone.
13:48 of 2nd period - Snap shot by Jozef Balej.
13:48 of 2nd period - Shot Misses the Net.
13:50 of 2nd period - Wrist shot by Derek Meech.
13:50 of 2nd period - Shot Blocked by Tyler Kennedy.
13:52 of 2nd period - Slapshot by Andrej Meszaros.
13:52 of 2nd period - Deflect By Pierre-Luc Létourneau.
13:52 of 2nd period - Stopped by James Reimer with a rebound.
13:56 of 2nd period - Snap shot by Jozef Balej.
13:56 of 2nd period - Stopped by James Reimer with a rebound.
15:07 of 2nd period - Off-side.
15:08 of 2nd period - Tyler Kennedy wins face-off versus Colin Wilson in neutral zone.
15:23 of 2nd period - Snap shot by Jozef Balej.
15:23 of 2nd period - Stopped by James Reimer with a rebound.
15:33 of 2nd period - Ian Cole is hit by Matt Kassian and loses puck.
16:00 of 2nd period - Kyle Brodziak is hit by Mikhail Grabovski and loses puck.
16:39 of 2nd period - Snap shot by Jarkko Ruutu.
16:39 of 2nd period - Stopped by Jonathan Boutin with a rebound.
16:41 of 2nd period - Wrist shot by David Laliberté.
16:41 of 2nd period - Stopped by Jonathan Boutin with a rebound.
16:43 of 2nd period - Wrist shot by David Laliberté.
16:43 of 2nd period - Stopped by Jonathan Boutin without a rebound.
16:44 of 2nd period - Kyle Brodziak wins face-off versus Mikhail Grabovski in Inferno zone.
16:49 of 2nd period - Snap shot by Brandon Yip.
16:49 of 2nd period - Stopped by Jonathan Boutin with a rebound.
16:51 of 2nd period - Slapshot by Jeffrey Foss.
16:51 of 2nd period - Shot Blocked by Mikhail Grabovski.
16:59 of 2nd period - Wrist shot by Dwight King.
16:59 of 2nd period - Deflect By Kyle Brodziak.
16:59 of 2nd period - Shot Blocked by Andrej Meszaros.
16:59 of 2nd period - Puck is out of play.
17:00 of 2nd period - Tyler Kennedy wins face-off versus Colin Wilson in Inferno zone.
17:01 of 2nd period - Snap shot by Evgeny Dadonov.
17:01 of 2nd period - Stopped by Jonathan Boutin with a rebound.
17:03 of 2nd period - Snap shot by Evgeny Dadonov.
17:03 of 2nd period - Shot Misses the Net.
17:05 of 2nd period - Slapshot by Kris Russell.
17:05 of 2nd period - Stopped by Jonathan Boutin without a rebound.
17:06 of 2nd period - Tyler Kennedy wins face-off versus Colin Wilson in Inferno zone.
17:09 of 2nd period - Slapshot by Tyler Kennedy.
17:09 of 2nd period - Stopped by Jonathan Boutin with a rebound.
17:11 of 2nd period - Snap shot by Wayne Simmonds.
17:11 of 2nd period - Stopped by Jonathan Boutin without a rebound.
17:12 of 2nd period - Tyler Kennedy wins face-off versus Mikhail Grabovski in Inferno zone.
17:17 of 2nd period - Wrist shot by Tyler Kennedy.
17:17 of 2nd period - Deflect By Wayne Simmonds.
17:17 of 2nd period - Goal by Wayne Simmonds - Saguenéens : 2 - Inferno : 2.
17:18 of 2nd period - Tyler Kennedy wins face-off versus Mikhail Grabovski in neutral zone.
18:07 of 2nd period - Off-side.
18:08 of 2nd period - Brian Boyle wins face-off versus Wayne Primeau in neutral zone.
18:13 of 2nd period - Jeffrey Foss is hit by Alex Berry and loses puck.
18:54 of 2nd period - Kris Russell is hit by Yannick Weber and loses puck.
18:59 of 2nd period - Wrist shot by Andrej Meszaros.
18:59 of 2nd period - Shot Misses the Net.
19:07 of 2nd period - Wrist shot by Wayne Simmonds.
19:07 of 2nd period - Shot Misses the Net.
19:09 of 2nd period - Slapshot by Jeffrey Foss.
19:09 of 2nd period - Deflect By Wayne Simmonds.
19:09 of 2nd period - Stopped by Jonathan Boutin with a rebound.
19:11 of 2nd period - Wrist shot by Kris Russell.
19:11 of 2nd period - Deflect By Lauri Korpikoski.
19:11 of 2nd period - Goal by Kris Russell - Saguenéens : 3 - Inferno : 2.
19:12 of 2nd period - Dwight King wins face-off versus Mikhail Grabovski in neutral zone.
19:27 of 2nd period - Snap shot by Kyle Brodziak.
19:27 of 2nd period - Shot Blocked by Andrej Meszaros.
19:37 of 2nd period - Brian Flynn is hit by Jozef Balej and loses puck.
19:42 of 2nd period - Snap shot by Jozef Balej.
19:42 of 2nd period - Shot Misses the Net.
19:44 of 2nd period - Wrist shot by Brendan Mikkelson.
19:44 of 2nd period - Deflect By Jarkko Ruutu.
19:44 of 2nd period - Stopped by James Reimer with a rebound.
Goals for this period are 2 for Saguenéens vs 1 for Inferno.
Shots for this period are 15 for Saguenéens vs 9 for Inferno.
3rd period
0:01 of 3rd period - Tyler Kennedy wins face-off versus Mikhail Grabovski in neutral zone.
0:01 of 3rd period - Wayne Simmonds is hit by Andrej Meszaros and loses puck.
0:15 of 3rd period - Minor Penalty to Brad Marchand for Hooking.
0:16 of 3rd period - Tyler Kennedy wins face-off versus Brian Boyle in Inferno zone.
1:08 of 3rd period - Slapshot by Andrej Meszaros.
1:08 of 3rd period - Stopped by James Reimer without a rebound.
1:09 of 3rd period - Pierre-Luc Létourneau wins face-off versus Tyler Kennedy in Saguenéens zone.
2:08 of 3rd period - Ian Cole is hit by Derek Meech and loses puck.
2:15 of 3rd period - Penalty to Brad Marchand is over, Brad Marchand is back on ice.
2:28 of 3rd period - Vladimir Zharkov is hit by David Laliberté and loses puck.
2:57 of 3rd period - Icing by Justin Schultz.
2:58 of 3rd period - Brian Boyle wins face-off versus Tyler Kennedy in Saguenéens zone.
3:01 of 3rd period - Snap shot by Andrej Meszaros.
3:01 of 3rd period - Stopped by James Reimer without a rebound.
3:02 of 3rd period - Tyler Kennedy wins face-off versus Brian Boyle in Saguenéens zone.
4:13 of 3rd period - Slapshot by Brendan Smith.
4:13 of 3rd period - Stopped by James Reimer with a rebound.
4:51 of 3rd period - Yannick Weber is hit by Kyle Brodziak and loses puck.
4:58 of 3rd period - Snap shot by Kyle Brodziak.
4:58 of 3rd period - Stopped by Jonathan Boutin without a rebound.
4:59 of 3rd period - Colin Wilson wins face-off versus Wayne Simmonds in Inferno zone.
5:06 of 3rd period - Slapshot by Jozef Balej.
5:06 of 3rd period - Stopped by James Reimer with a rebound.
5:08 of 3rd period - Slapshot by Andrej Meszaros.
5:08 of 3rd period - Stopped by James Reimer with a rebound.
5:10 of 3rd period - Slapshot by Andrej Meszaros.
5:10 of 3rd period - Stopped by James Reimer with a rebound.
5:12 of 3rd period - Snap shot by Colin Wilson.
5:12 of 3rd period - Stopped by James Reimer with a rebound.
5:14 of 3rd period - Snap shot by Colin Wilson.
5:14 of 3rd period - Stopped by James Reimer with a rebound.
5:26 of 3rd period - Slapshot by Andrej Meszaros.
5:26 of 3rd period - Stopped by James Reimer with a rebound.
5:28 of 3rd period - Slapshot by Derek Meech.
5:28 of 3rd period - Shot Misses the Net.
5:30 of 3rd period - Slapshot by Brian Boyle.
5:30 of 3rd period - Shot Blocked by Kris Russell.
5:54 of 3rd period - Off-side.
5:55 of 3rd period - Pierre-Luc Létourneau wins face-off versus Kyle Brodziak in neutral zone.
6:10 of 3rd period - Derek Meech is hit by Dwight King and loses puck.
6:57 of 3rd period - Icing by Andrej Meszaros.
6:58 of 3rd period - Kyle Brodziak wins face-off versus Brian Boyle in Inferno zone.
6:59 of 3rd period - Wrist shot by Brandon Yip.
6:59 of 3rd period - Stopped by Jonathan Boutin with a rebound.
7:01 of 3rd period - Wrist shot by Brandon Yip.
7:01 of 3rd period - Stopped by Jonathan Boutin with a rebound.
7:03 of 3rd period - Snap shot by Kyle Brodziak.
7:03 of 3rd period - Shot Misses the Net.
7:05 of 3rd period - Snap shot by Kyle Brodziak.
7:05 of 3rd period - Goal by Kyle Brodziak - Saguenéens : 4 - Inferno : 2.
7:06 of 3rd period - Tyler Kennedy wins face-off versus Mikhail Grabovski in neutral zone.
7:15 of 3rd period - Wrist shot by Evgeny Dadonov.
7:15 of 3rd period - Shot Misses the Net.
7:17 of 3rd period - Minor Penalty to Jonathan Ferland for High sticking.
7:18 of 3rd period - Tyler Kennedy wins face-off versus Brian Boyle in Inferno zone.
7:35 of 3rd period - Derek Meech is hit by Wayne Simmonds.
7:47 of 3rd period - Icing by Dwight King.
7:48 of 3rd period - Kyle Brodziak wins face-off versus Brian Boyle in Saguenéens zone.
7:55 of 3rd period - Wrist shot by Kyle Brodziak.
7:55 of 3rd period - Shot Blocked by Brendan Smith.
7:57 of 3rd period - Wrist shot by Dwight King.
7:57 of 3rd period - Goal by Dwight King - Saguenéens : 5 - Inferno : 2.
7:58 of 3rd period - Mikhail Grabovski wins face-off versus Evgeny Dadonov in neutral zone.
8:51 of 3rd period - Matt Kassian is hit by David Laliberté and loses puck.
9:06 of 3rd period - Ian Cole is hit by Vladimir Zharkov and loses puck.
9:13 of 3rd period - Snap shot by Vladimir Sobotka.
9:13 of 3rd period - Stopped by James Reimer with a rebound.
9:17 of 3rd period - Wrist shot by Vladimir Sobotka.
9:17 of 3rd period - Shot Misses the Net.
9:26 of 3rd period - Icing by Tyler Kennedy.
9:27 of 3rd period - Mikhail Grabovski wins face-off versus Tyler Kennedy in Saguenéens zone.
10:21 of 3rd period - Wrist shot by Andrej Meszaros.
10:21 of 3rd period - Shot Misses the Net.
10:25 of 3rd period - Snap shot by Vladimir Sobotka.
10:25 of 3rd period - Shot Misses the Net.
10:56 of 3rd period - Slapshot by Jeffrey Foss.
10:56 of 3rd period - Deflect By Tyler Kennedy.
10:56 of 3rd period - Stopped by Jonathan Boutin without a rebound.
10:57 of 3rd period - Jozef Balej wins face-off versus Tyler Kennedy in Inferno zone.
11:06 of 3rd period - Wrist shot by Wayne Simmonds.
11:06 of 3rd period - Shot Misses the Net.
11:08 of 3rd period - Snap shot by Tyler Kennedy.
11:08 of 3rd period - Goal by Tyler Kennedy - Saguenéens : 6 - Inferno : 2.
11:09 of 3rd period - Tyler Kennedy wins face-off versus Brad Marchand in neutral zone.
11:12 of 3rd period - Slapshot by Trevor Daley.
11:12 of 3rd period - Shot Misses the Net.
11:17 of 3rd period - Off-side.
11:18 of 3rd period - Mikhail Grabovski wins face-off versus Tyler Kennedy in neutral zone.
11:37 of 3rd period - Snap shot by Brad Marchand.
11:37 of 3rd period - Stopped by James Reimer with a rebound.
11:39 of 3rd period - Snap shot by Mikhail Grabovski.
11:39 of 3rd period - Shot Misses the Net.
11:49 of 3rd period - Slapshot by Mikhail Grabovski.
11:49 of 3rd period - Inferno goal is going for a video replay.
11:49 of 3rd period - The goal is good.
11:49 of 3rd period - Goal by Mikhail Grabovski - Saguenéens : 6 - Inferno : 3.
11:50 of 3rd period - Mikhail Grabovski wins face-off versus Kyle Brodziak in neutral zone.
12:05 of 3rd period - Wrist shot by Dwight King.
12:05 of 3rd period - Stopped by Jonathan Boutin with a rebound.
12:17 of 3rd period - Ian Cole is hit by Pierre-Luc Létourneau.
12:21 of 3rd period - Tyler Kennedy is hit by Jozef Balej and loses puck.
12:38 of 3rd period - Brian Boyle is hit by Trevor Daley.
12:44 of 3rd period - Wrist shot by Jarkko Ruutu.
12:44 of 3rd period - Shot Misses the Net.
15:11 of 3rd period - Brendan Smith is hit by Evgeny Dadonov and loses puck.
15:34 of 3rd period - Brad Marchand is hit by Wayne Primeau and loses puck.
16:30 of 3rd period - Slapshot by Brian Boyle.
16:30 of 3rd period - Stopped by James Reimer with a rebound.
16:46 of 3rd period - Snap shot by Jozef Balej.
16:46 of 3rd period - Stopped by James Reimer without a rebound.
16:47 of 3rd period - Colin Wilson wins face-off versus Tyler Kennedy in Saguenéens zone.
16:50 of 3rd period - Slapshot by Colin Wilson.
16:50 of 3rd period - Shot Misses the Net.
16:52 of 3rd period - Snap shot by Jozef Balej.
16:52 of 3rd period - Shot Misses the Net.
16:54 of 3rd period - Snap shot by Jozef Balej.
16:54 of 3rd period - Shot Blocked by Henrik Tallinder.
16:56 of 3rd period - Slapshot by Alex Berry.
16:56 of 3rd period - Stopped by James Reimer with a rebound.
16:58 of 3rd period - Wrist shot by Jozef Balej.
16:58 of 3rd period - Stopped by James Reimer with a rebound.
17:00 of 3rd period - Wrist shot by Jozef Balej.
17:00 of 3rd period - Shot Blocked by Henrik Tallinder.
17:02 of 3rd period - Snap shot by Derek Meech.
17:02 of 3rd period - Stopped by James Reimer without a rebound.
17:03 of 3rd period - Vladimir Sobotka wins face-off versus Kyle Brodziak in Saguenéens zone.
17:10 of 3rd period - Slapshot by Andrej Meszaros.
17:10 of 3rd period - Stopped by James Reimer without a rebound.
17:11 of 3rd period - Vladimir Sobotka wins face-off versus Brandon Yip in Saguenéens zone.
17:12 of 3rd period - Slapshot by Derek Meech.
17:12 of 3rd period - Stopped by James Reimer with a rebound.
17:14 of 3rd period - Slapshot by Lauri Korpikoski.
17:14 of 3rd period - Deflect By Henrik Tallinder.
17:14 of 3rd period - Shot Misses the Net.
17:14 of 3rd period - Puck is out of play.
17:15 of 3rd period - Mikhail Grabovski wins face-off versus Tyler Kennedy in Saguenéens zone.
17:19 of 3rd period - Icing by Wayne Simmonds.
17:20 of 3rd period - Tyler Kennedy wins face-off versus Mikhail Grabovski in Saguenéens zone.
17:31 of 3rd period - Slapshot by Mikhail Grabovski.
17:31 of 3rd period - Shot Misses the Net.
17:33 of 3rd period - Snap shot by Jonathan Ferland.
17:33 of 3rd period - Stopped by James Reimer with a rebound.
17:35 of 3rd period - Wrist shot by Brad Marchand.
17:35 of 3rd period - Stopped by James Reimer without a rebound.
17:36 of 3rd period - Colin Wilson wins face-off versus Kyle Brodziak in Saguenéens zone.
18:43 of 3rd period - Backhand shot by Vladimir Zharkov.
18:43 of 3rd period - Shot Blocked by Henrik Tallinder.
18:45 of 3rd period - Snap shot by Brendan Smith.
18:45 of 3rd period - Goal by Brendan Smith - Saguenéens : 6 - Inferno : 4.
18:46 of 3rd period - Tyler Kennedy wins face-off versus Brian Boyle in neutral zone.
Goals for this period are 3 for Saguenéens vs 2 for Inferno.
Shots for this period are 8 for Saguenéens vs 22 for Inferno.
Output by the SimonT Hockey Simulator (STHS) for François Prévost -- Original Page W3C XHTML 1.0 Valid